 Dungeon Crawl Stone Soup version 0.28-a0-773-g130ae17fe5 (webtiles) character file.

Game seed: 16779752113974815945

43652 Zbetzen the Unseen (level 13, -6/67 HPs)
             Began as a Spriggan Enchanter on Nov 2, 2021.
             Was an Elder of Dithmenos.
             Mangled by a seven-headed hydra (13 damage)
             ... on level 1 of the Lair of Beasts.
             The game lasted 00:52:03 (19532 turns).

Zbetzen the Unseen (Spriggan Enchanter)            Turns: 19532, Time: 00:52:04

Health: -6/67      AC:  6    Str:  8    XL:     13   Next: 92%
Magic:  16/30      EV: 24    Int: 18    God:    Dithmenos [****..]
Gold:   711        SH:  0    Dex: 15    Spells: 29/37 levels left

rFire   . . .      SeeInvis +   h - +9 dagger (venom)
rCold   + . .      Faith    .   (shield restricted)
rNeg    + . .      Spirit   .   C - +1 robe {rC+}
rPois   .          Reflect  .   (helmet restricted)
rElec   .          Harm     .   f - +2 cloak
rCorr   .          Rampage  .   (gloves unavailable)
Will    ++...                   (boots unavailable) Stlth *+++++++++
                                k - amulet of regeneration
HPRegen 1.21/turn               n - ring of positive energy
MPRegen 0.22/turn               (no ring)

@: flying (expiring), wreathed by umbra, studying Shields, very quick
A: very small, no large weapons, unfitting armour, see invisible, speed 3
a: Renounce Religion, Shadow Step


You were on level 1 of the Lair of Beasts.
You worshipped Dithmenos.
Dithmenos was greatly pleased with you.
You visited 3 branches of the dungeon, and saw 16 of its levels.
You also visited: Sewer and Bailey.

You collected 1439 gold pieces.
You spent 728 gold pieces at shops.

Inventory:

Hand Weapons
 a - a +2 dagger of draining
 h - a +9 dagger of venom (weapon)
 u - a +4 short sword of holy wrath
 F - a +2 dagger of venom
Missiles
 c - 5 atropa-tipped darts
 d - 72 poisoned darts (quivered)
 q - 13 throwing nets
 s - 5 curare-tipped darts
Armour
 b - a +1 robe
 f - a +2 cloak (worn)
 C - a +1 robe of cold resistance (worn)
Jewellery
 i - a ring of fire
 k - an amulet of regeneration (around neck)
 l - a ring of ice
 n - a ring of positive energy (left hand)
Wands
 m - a wand of flame (10)
 p - a wand of charming (10)
Scrolls
 w - 3 scrolls of magic mapping
 y - 4 scrolls of amnesia
 D - a scroll of fog
 E - 3 scrolls of teleportation
 G - 3 scrolls of blinking
 J - 2 scrolls of summoning
Potions
 e - a potion of resistance
 g - 2 potions of lignification
 j - a potion of might
 o - 3 potions of brilliance
 r - 2 potions of flight
 t - a potion of curing
 x - a potion of magic
 z - 3 potions of attraction
 A - a potion of ambrosia
 B - 3 potions of haste
 H - a potion of cancellation
 I - a potion of mutation {unknown}
Miscellaneous
 v - a tin of tremorstones (1/2)


   Skills:
 + Level 7.1 Fighting
 + Level 9.5 Short Blades
 + Level 11.6 Dodging
 + Level 19.5 Stealth
 + Level 12.9 Spellcasting
 + Level 13.1 Hexes


You had 29 spell levels left.
You knew the following spells:

 Your Spells              Type           Power      Damage    Failure   Level
a - Ensorcelled Hibernat  Hex/Ice        70%        N/A       1%          2
b - Tukima's Dance        Hex            56%        N/A       1%          3
c - Dazzling Flash        Conj/Hex       70%        N/A       1%          3

Your spell library contained the following spells:

 Spells                   Type           Power      Damage    Failure   Level
 Confusing Touch          Hex            56%        N/A       1%          3
 Invisibility             Hex            28%        N/A       4%          6
 Sandblast                Erth           22%        2d7       6%          1
 Blink                    Tloc           22%        N/A       9%          2
 Passwall                 Tmut/Erth      9%         N/A       9%          2
 Scorch                   Fire           22%        2d6       9%          2
 Lesser Beckoning         Tloc           11%        N/A       19%         3
 Spider Form              Tmut/Pois      11%        N/A       19%         3
 Stone Arrow              Conj/Erth      22%        3d8       19%         3
 Swiftness                Air            11%        N/A       19%         3
 Flame Wave               Conj/Fire      11%        3d4       52%         4
 Manifold Assault         Tloc           11%        N/A       86%         5
 Summon Cactus Giant      Summ           5%         N/A       100%        6


Dungeon Overview and Level Annotations

Branches:
Dungeon (14/15)            Temple (1/1) D:7            Lair (1/6) D:9
    Orc (0/2) D:12         Vaults (0/5) D:13          Sewer (visited)
 Bailey (visited)

Altars:
Ashenzari
Cheibriados
Dithmenos
Elyvilon
Gozag
Makhleb
Nemelex Xobeh
Okawaru
Qazlal
Sif Muna
Trog
Vehumet
Wu Jian
Xom
Zin
The Shining One

Shops:
D:9 =   D:13 ?

Annotations:
D:9 2 transporters, NoKap's ghost, journeyman TrCK


Innate Abilities, Weirdness & Mutations

You are very small and have problems with some larger weapons.
You are too small for most types of armour.
You have supernaturally acute eyesight. (SInv)
You cover ground extremely quickly. (Speed+++)


Message History

Aiming: Ensorcelled Hibernation (safe; 1% risk of failure)
Press: ? - help, Shift-Dir - straight line, f/p - seven-headed hydra
Aim: a seven-headed hydra (umbra, chance to affect: 28%)
The seven-headed hydra easily resists.
The seven-headed hydra misses you.
The seven-headed hydra completely misses you. x2
The seven-headed hydra bites you. x2; The seven-headed hydra misses you.
The seven-headed hydra barely misses you.
Casting: Ensorcelled Hibernation (safe; 1% risk of failure)
Confirm with . or Enter, or press ? or * to list all spells.
Aiming: Ensorcelled Hibernation (safe; 1% risk of failure)
Press: ? - help, Shift-Dir - straight line, f/p - seven-headed hydra
Aim: a seven-headed hydra (umbra, chance to affect: 28%)
The seven-headed hydra easily resists.
The seven-headed hydra completely misses you.
The seven-headed hydra bites you. The seven-headed hydra bites you!
The seven-headed hydra barely misses you.
The seven-headed hydra completely misses you. x2
The seven-headed hydra bites you but does no damage.
The seven-headed hydra closely misses you.
The seven-headed hydra misses you.
The seven-headed hydra completely misses you.
The seven-headed hydra misses you. The seven-headed hydra bites you.
The seven-headed hydra misses you.
The seven-headed hydra completely misses you.
Casting: Ensorcelled Hibernation (safe; 1% risk of failure)
Confirm with . or Enter, or press ? or * to list all spells.
Aiming: Ensorcelled Hibernation (safe; 1% risk of failure)
Press: ? - help, Shift-Dir - straight line, f/p - seven-headed hydra
Aim: a seven-headed hydra (umbra, chance to affect: 28%)
The seven-headed hydra easily resists.
Careful!
You are starting to lose your buoyancy.
The seven-headed hydra bites you but does no damage.
The seven-headed hydra completely misses you.
The seven-headed hydra bites you!
* * * LOW HITPOINT WARNING * * *
The seven-headed hydra closely misses you.
The seven-headed hydra bites you!
* * * LOW HITPOINT WARNING * * *
The seven-headed hydra bites you!
You die...

.........## #P.###..#...#
.........######.##.......#
..##.##.###..(.....?.....#
..#### ## #..........#...#
..# #.≈≈≈≈≈≈≈≈.....#
..#########.≈≈≈≈≈†≈≈.......
............≈≈≈≈≈≈≈≈.......
............≈≈≈≈D≈≈≈.#.....
............≈≈≈≈@≈≈≈.#.....
###.##..###.≈≈≈≈≈≈≈≈.# ....
####### #.≈≈≈≈≈≈≈≈.# .P.
#.≈≈≈≈≈≈≈≈.# ...
#..........# #######P####
##


You could see a seven-headed hydra.

Vanquished Creatures
  Jorgrun (D:12)
  Azrael (D:12)
  Fannar (D:11)
  Erolcha (D:13)
  A hydra (D:14)
  An ogre mage (D:10)
  8 two-headed ogres
  A tengu warrior (D:13)
  7 centaur warriors
  3 death yaks (D:9)
  2 skeletal warriors
  A deep elf zephyrmancer (D:13)
  A wizard (D:13)
  10 ugly things
  A manticore (D:13)
  2 cyclopes
  Joseph (D:8)
  2 cane toads (Lair:1)
  A gargoyle (D:13)
  An unseen horror (D:12)
  4 kobold demonologists
  2 komodo dragons
  A tengu conjurer (D:13)
  4 trolls
  A polar bear (shapeshifter) (D:13)
  Prince Ribbit (D:7)
  2 hornets
  8 slime creatures
  3 blink frogs (Lair:1)
  A shadow (D:12)
  11 yaks
  4 wraiths
  2 basilisks (D:14)
  4 fire elementals (D:12)
  2 steam dragons
  10 vampire mosquitoes
  A water moccasin (Lair:1)
  3 hell hounds (D:12)
  Pargi (D:3)
  A black bear (D:6)
  9 orc warriors
  4 sky beasts
  A black bear (shapeshifter) (D:14)
  10 ogres
  5 wolves (Lair:1)
  13 centaurs
  2 phantoms
  8 kobold brigands
  6 gnoll sergeants
  3 scorpions
  3 bullfrogs
  A water moccasin skeleton (D:5)
  13 killer bees
  2 wights (D:8)
  2 howler monkeys
  2 electric eels (Lair:1)
  5 centaur zombies
  A bullfrog zombie (D:7)
  4 hounds
  2 jellies
  3 gnoll shamans (Bailey)
  7 orc priests
  Jessica (D:2)
  5 iguanas
  10 orc wizards
  3 hell rats (D:9)
  A killer bee zombie (D:6)
  3 howler monkey zombies
  22 gnolls
  6 adders
  A howler monkey skeleton (D:5)
  4 river rats
  2 adder skeletons (D:4)
  5 worms
  2 dart slugs (D:1)
  39 orcs
  11 ball pythons
  3 endoplasms
  A giant cockroach (D:2)
  10 hobgoblins
  7 jackals
  3 quokkas
  7 bats
  4 frilled lizards
  7 goblins
  31 kobolds
  9 rats
416 creatures vanquished.

Vanquished Creatures (collateral kills)
  2 two-headed ogres
  An orc warrior (D:9)
  3 gnoll sergeants (Bailey)
  A wight (D:8)
  An orc priest (D:10)
  3 gnoll shamans (Bailey)
  6 gnolls
  4 orcs (D:9)
  A goblin (D:9)
22 creatures vanquished.

Vanquished Creatures (others)
  8 dancing weapons
  A fungus (Lair:1)
  24 plants (D:14)
33 creatures vanquished.

Grand Total: 471 creatures vanquished

Notes
Turn   | Place    | Note
-------+----------+-------------------------------------------
     0 | D:1      | Zbetzen the Spriggan Enchanter began the quest for the Orb.
     0 | D:1      | Reached XP level 1. HP: 9/9 MP: 5/5
   195 | D:1      | Reached XP level 2. HP: 12/13 MP: 7/7
   198 | D:1      | Learned a level 2 spell: Ensorcelled Hibernation
  1328 | D:1      | Found a faded altar of an unknown god.
  1469 | D:1      | Reached XP level 3. HP: 16/16 MP: 9/9
  1473 | D:1      | Learned a level 3 spell: Tukima's Dance
  1477 | D:1      | Learned a level 3 spell: Dazzling Flash
  1690 | D:2      | Noticed Jessica
  1709 | D:2      | Killed Jessica
  2028 | D:2      | Reached XP level 4. HP: 21/21 MP: 11/11
  2062 | D:2      | Reached skill level 5 in Hexes
  2937 | D:3      | Found a glowing golden altar of the Shining One.
  2937 | D:3      | Found a shimmering blue altar of Sif Muna.
  3056 | D:3      | Found a glowing silver altar of Zin.
  3057 | D:3      | Found an opulent altar of Gozag.
  3092 | D:3      | Noticed an orc warrior
  3138 | D:3      | Killed an orc warrior
  3139 | D:3      | Reached skill level 5 in Spellcasting
  3139 | D:3      | Reached XP level 5. HP: 24/24 MP: 3/13
  3665 | D:3      | Reached XP level 6. HP: 28/28 MP: 15/15
  4201 | D:3      | Noticed Pargi
  4242 | D:3      | Killed Pargi
  4484 | D:4      | Reached XP level 7. HP: 24/32 MP: 18/18
  5576 | D:5      | Entered Level 5 of the Dungeon
  5776 | D:5      | Reached XP level 8. HP: 36/36 MP: 21/21
  5783 | D:5      | Reached skill level 5 in Stealth
  5809 | D:5      | Reached skill level 6 in Stealth
  5890 | D:5      | Reached skill level 7 in Stealth
  5983 | D:5      | Reached skill level 8 in Stealth
  6014 | D:5      | Reached skill level 9 in Stealth
  6381 | D:6      | Reached skill level 10 in Stealth
  6442 | D:6      | Found a glowing drain.
  6462 | Sewer    | Entered a sewer
  6680 | Sewer    | Found a white marble altar of Elyvilon.
  6835 | D:6      | Reached skill level 11 in Stealth
  6994 | D:6      | Reached skill level 12 in Stealth
  6994 | D:6      | Reached XP level 9. HP: 21/39 MP: 19/22
  7081 | D:6      | Reached skill level 13 in Stealth
  7210 | D:6      | Noticed a two-headed ogre
  7241 | D:6      | Killed a two-headed ogre
  7242 | D:6      | Reached skill level 15 in Stealth
  7833 | D:7      | Reached skill level 1 in Fighting
  7867 | D:7      | Found a staircase to the Ecumenical Temple.
  7877 | Temple   | Entered the Ecumenical Temple
  7929 | Temple   | Became a worshipper of Dithmenos the Shadowed
  8085 | D:7      | Noticed Prince Ribbit
  8096 | D:7      | Killed Prince Ribbit
  8097 | D:7      | Reached XP level 10. HP: 46/46 MP: 20/23
  8169 | D:7      | Found a broken altar of Ashenzari.
  8169 | D:7      | Found a burning altar of Makhleb.
  8342 | D:7      | Found a sparkling altar of Nemelex Xobeh.
  8712 | D:8      | Found an iron altar of Okawaru.
  9019 | D:8      | Noticed Joseph
  9992 | D:8      | Killed Joseph
  9993 | D:8      | Reached skill level 5 in Dodging
 10024 | D:9      | Reached * piety under Dithmenos
 10109 | D:9      | Found a flagged portal.
 10139 | D:9      | Reached skill level 16 in Stealth
 10143 | Bailey   | Entered a bailey
 10484 | Bailey   | Identified the +3 leather armour "Bujom" {rC++}
 10486 | Bailey   | Reached ** piety under Dithmenos
 11517 | D:9      | Noticed a death yak
 11525 | D:9      | Noticed a death yak
 11526 | D:9      | Found a staircase to the Lair.
 11527 | D:9      | Noticed a death yak
 11538 | D:9      | Killed a death yak
 11538 | D:9      | Reached *** piety under Dithmenos
 11539 | D:9      | Reached skill level 10 in Hexes
 11539 | D:9      | Reached XP level 11. HP: 19/52 MP: 25/25
 11545 | D:9      | Killed a death yak
 11551 | D:9      | Killed a death yak
 11552 | D:9      | Reached skill level 5 in Short Blades
 11559 | D:9      | Found Emeetsef's Jewellery Shoppe.
 11607 | D:9      | Found a transporter.
 11768 | D:9      | Noticed NoKap's ghost (journeyman TrCK)
 11851 | D:9      | Found a transporter.
 12017 | D:10     | Entered Level 10 of the Dungeon
 12072 | D:10     | Noticed a centaur warrior
 12075 | D:10     | Killed a centaur warrior
 12076 | D:10     | Reached skill level 10 in Spellcasting
 12611 | D:10     | Noticed a two-headed ogre
 12611 | D:10     | Noticed an ogre mage
 12613 | D:10     | Noticed a two-headed ogre
 12614 | D:10     | Noticed a two-headed ogre
 12617 | D:10     | Reached skill level 17 in Stealth
 12619 | D:10     | Killed a two-headed ogre
 12619 | D:10     | Killed an ogre mage
 12619 | D:10     | Killed a two-headed ogre
 12620 | D:10     | Killed a two-headed ogre
 13124 | D:11     | Noticed Fannar
 13170 | D:11     | Killed Fannar
 13296 | D:11     | Reached **** piety under Dithmenos
 13409 | D:11     | Noticed a two-headed ogre
 13416 | D:11     | Killed a two-headed ogre
 13417 | D:11     | Reached XP level 12. HP: 59/59 MP: 27/27
 13430 | D:11     | Noticed a two-headed ogre
 13443 | D:11     | Killed a two-headed ogre
 13778 | D:12     | Found a staircase to the Orcish Mines.
 13782 | D:12     | Reached skill level 5 in Fighting
 14227 | D:12     | Noticed Azrael
 14227 | D:12     | Noticed a two-headed ogre
 14320 | D:12     | Killed a two-headed ogre
 14584 | D:12     | Killed Azrael
 14753 | D:12     | Reached skill level 18 in Stealth
 14775 | D:12     | Noticed Jorgrun
 14780 | D:12     | Killed Jorgrun
 14838 | D:12     | Noticed a two-headed ogre
 14861 | D:12     | Killed a two-headed ogre
 15679 | D:13     | Noticed a centaur warrior
 15683 | D:13     | Killed a centaur warrior
 15684 | D:13     | Reached skill level 10 in Dodging
 15706 | D:13     | Found Guystedo's Magic Scroll Shop.
 15856 | D:13     | Bought a scroll of identify for 28 gold pieces
 15856 | D:13     | Bought a scroll of identify for 28 gold pieces
 15856 | D:13     | Bought a scroll of identify for 28 gold pieces
 15873 | D:13     | Bought 3 scrolls of enchant weapon for 315 gold pieces
 15873 | D:13     | Bought a scroll of summoning for 133 gold pieces
 15873 | D:13     | Bought a scroll of summoning for 133 gold pieces
 15873 | D:13     | Bought a scroll of magic mapping for 49 gold pieces
 15873 | D:13     | Bought a scroll of noise for 14 gold pieces
 16570 | D:13     | Noticed a two-headed ogre
 16578 | D:13     | Killed a two-headed ogre
 16579 | D:13     | Reached XP level 13. HP: 65/65 MP: 26/29
 16727 | D:13     | Found a gate to the Vaults.
 16927 | D:13     | Noticed Erolcha
 16930 | D:13     | Killed Erolcha
 17680 | D:14     | Reached skill level 19 in Stealth
 19140 | Lair:1   | Entered Level 1 of the Lair of Beasts
 19532 | Lair:1   | Mangled by a seven-headed hydra

Illustrated notes

Levels and vault maps discovered:
D:1:      dpeg_arrival_radiant, layout_basic, ebering_ecumenical_altar_abandoned
D:2:      layout_basic, uniq_jessica
D:3:      layout_basic, grunt_temple_overflow_gold_and_silver,
          gammafunk_temple_overflow_elements, uniq_pargi
D:4:      layout_basic
D:5:      layout_rooms
D:6:      layout_gridville, cheibrodos_sewer_entry_bend, minmay_manual_moon
D:7:      layout_loops_ring, mainiacjoe_overflow_brackets, jmf_multi_god_temple,
          minmay_temple_entry_waves, uniq_prince_ribbit1
D:8:      layout_basic, kennysheep_mini, bh_walls_and_bars, uniq_joseph
D:9:      layout_loops_ring, dpeg_lair_monsters, serial_shops, shop,
          lightli_bailey_entry_fortress, gammafunk_ghost_stat_death
D:10:     layout_basic
D:11:     layout_basic, uniq_fannar
D:12:     layout_basic, david_orc_2, uniq_jorgrun, uniq_azrael
D:13:     layout_gridville, david_vaults_1, serial_shops, nicolae_square_shop,
          uniq_erolcha
D:14:     wad_woods_structure_01, layout_small_grid, grunt_decor_clamped
Temple:   jpeg_temple_clearing
Lair:1:   layout_gridlike, chequers_serial_rivers_micro_c,
          infiniplex_staircase_pool

Skill      XL: |  1  2  3  4  5  6  7  8  9 10 11 12 13 |
---------------+----------------------------------------+-----
Spellcasting   | 3 4 5 6 8 9 10 11 12 | 12.9
Hexes          | 4 5 6 7 8 9 10 11 12 13 | 13.1
Stealth        | 12 15 16 17 18 19 | 19.5
Dodging        | 4 6 8 10 11 | 11.6
Fighting       | 1 3 4 6 7 |  7.1
Short Blades   | 2 4 6 8 9 |  9.5

Action                   |  1- 3 |  4- 6 |  7- 9 | 10-12 | 13-15 || total
-------------------------+-------+-------+-------+-------+-------++-------
Melee: Dagger            |    87 |   105 |   375 |   749 |   314 ||  1630
       Short sword       |       |       |     4 |    35 |    73 ||   112
Throw: Dart              |    14 |       |       |       |       ||    14
 Cast: Ensorcelled Hiber |    15 |    16 |    38 |    75 |    45 ||   189
       Tukima's Dance    |       |     5 |     8 |    73 |     6 ||    92
       Dazzling Flash    |       |       |       |     2 |     1 ||     3
Invok: Shadow Step       |       |       |       |     2 |     5 ||     7
Evoke: Wand              |       |       |       |    29 |     2 ||    31
       Tin of tremorston |       |       |       |     3 |       ||     3
  Use: Scroll            |     3 |       |     8 |    19 |     5 ||    35
       Potion            |       |       |     1 |     5 |     7 ||    13
 Stab: Sleeping          |    15 |    18 |    34 |    66 |    46 ||   179
       Distracted        |     1 |     1 |     1 |     7 |     2 ||    12
       Invisible         |       |       |     3 |     1 |     1 ||     5
       Betrayed ally     |       |       |       |       |     1 ||     1
Armor: Robe              |    17 |    20 |    62 |   127 |    29 ||   255
Dodge: Dodged            |    78 |    74 |   299 |   858 |   325 ||  1634

Table legend: (Time is in decaauts)
 A = Elapsed time spent in this place.
 B = Non-inter-level travel time spent in this place.
 C = Inter-level travel time spent in this place.
 D = Time resting spent in this place.
 E = Time spent auto-exploring this place.
 F = Levels seen in this place.
 G = Mean time per level.
                   A        B        C        D        E       F      G
               +--------+--------+--------+--------+--------+-----+--------+
         Total |  14223 |  13672 |    551 |   2161 |   7533 |  18 |  790.2 |
       Dungeon |  12991 |  12464 |    527 |   1995 |   6957 |  14 |  927.9 |
        Temple |     47 |     24 |     23 |      0 |     18 |   1 |   47.0 |
          Lair |    306 |    306 |      0 |      0 |    167 |   1 |  306.0 |
         Sewer |    238 |    238 |      0 |      2 |     97 |   1 |  238.0 |
        Bailey |    639 |    639 |      0 |    163 |    293 |   1 |  639.0 |
               +--------+--------+--------+--------+--------+-----+--------+

Top non-repeatable levels by time:
    D:12: 1654 daAuts
     D:1: 1190 daAuts
    D:13: 1178 daAuts
     D:2: 1086 daAuts
     D:8: 1012 daAuts
     D:3: 1010 daAuts
     D:9: 969 daAuts
    D:14: 944 daAuts
     D:4: 828 daAuts
     D:6: 794 daAuts
     D:7: 652 daAuts
  Bailey: 639 daAuts
    D:10: 595 daAuts
    D:11: 563 daAuts
     D:5: 510 daAuts
